[ AOE2 MATCH · #505047592 ]
UnrankedDravidians vs Huns
[ REPLAY ANALYSIS · EXTRACTED FROM THE RECORDED GAME ]
Feudal
15:02
Castle
19:03
Imperial
37:04
| APM avg | 30.3 |
| APM peak | 63 |
| eAPM avg | 19.0 |
| Villagers / military | 144 / 210 |
Focus
⚔️ 30.9% · 🌾 69.1%
Elephant Archer ×157 · Hand Cannoneer ×35 · Fishing Ship ×20 · Bombard Cannon ×11 · Armored Elephant ×5 · Spearman ×1
Feudal
15:03
Castle
20:23
Imperial
40:51
| APM avg | 23.1 |
| APM peak | 73 |
| eAPM avg | 15.9 |
| Villagers / military | 151 / 22 |
Focus
⚔️ 15.1% · 🌾 84.9%
Knight ×13 · Mangonel ×5 · Tarkan ×2 · Militia ×1 · Trebuchet (Packed) ×1
Feudal
15:41
Castle
31:51
Imperial
45:41
| APM avg | 20.5 |
| APM peak | 43 |
| eAPM avg | 11.9 |
| Villagers / military | 117 / 229 |
Focus
⚔️ 31.1% · 🌾 68.9%
Spearman ×117 · Woad Raider ×71 · Militia ×21 · Skirmisher ×11 · Battering Ram ×5 · Monk ×4
Feudal
14:15
Castle
17:56
Imperial
48:03
| APM avg | 32.4 |
| APM peak | 62 |
| eAPM avg | 17.3 |
| Villagers / military | 204 / 165 |
Focus
⚔️ 29.0% · 🌾 71.0%
Cavalry Archer ×93 · Knight ×66 · Archer ×6
Feudal
13:55
Castle
16:42
Imperial
36:26
| APM avg | 36.2 |
| APM peak | 57 |
| eAPM avg | 25.3 |
| Villagers / military | 189 / 181 |
Focus
⚔️ 26.8% · 🌾 73.2%
Battle Elephant ×130 · Scorpion ×36 · Trebuchet (Packed) ×6 · Knight ×3 · Scout Cavalry ×3 · Monk ×2
Feudal
12:20
Castle
16:49
Imperial
37:51
| APM avg | 39.2 |
| APM peak | 76 |
| eAPM avg | 29.1 |
| Villagers / military | 312 / 133 |
Focus
⚔️ 25.2% · 🌾 74.8%
Battle Elephant ×111 · Fire Lancer ×9 · Spearman ×5 · Trebuchet (Packed) ×5 · Rattan Archer ×3
Feudal
14:45
Castle
23:17
Imperial
35:38
| APM avg | 33.4 |
| APM peak | 96 |
| eAPM avg | 18.2 |
| Villagers / military | 165 / 409 |
Focus
⚔️ 27.3% · 🌾 72.7%
Scout Cavalry ×210 · Scorpion ×199
Feudal
13:55
Castle
18:40
Imperial
44:00
| APM avg | 28.6 |
| APM peak | 77 |
| eAPM avg | 16.1 |
| Villagers / military | 168 / 214 |
Focus
⚔️ 24.7% · 🌾 75.3%
War Wagon ×213 · Monk ×1
Match map
Initial resources + every placement click. Lines = walls · curves = elevation contours. ◆ gold · ⬟ stone · ● berries · ✦ relic · ◌ wall gap
Your base· Open — unwalled flank
Ervid's base· Open — 4t gap
[ GG ] SHAKA's base· Open — 1t gap
Maxmax's base· Open — unwalled flank
knight errant's base· Open — 5t gap
RiasSei's base· Open — 10t gap
Exellence's base· Open — unwalled flank
MATE's base· Open — 3t gap
Smoothed initial terrain · ◌ = detected wall gap · hover for details
Inputs per minute
— 歐吉桑 - - Ervid
Build order — 歐吉桑
First 150 of 438 actions detected
| 0:19 | Build | Town Center |
| 2:22 | Build | House |
| 2:56 | Queue | Villager (Male) |
| 2:57 | Queue | Villager (Male) |
| 2:57 | Queue | Villager (Male) |
| 2:58 | Queue | Villager (Male) |
| 2:58 | Queue | Villager (Male) |
| 4:18 | Queue | Villager (Male) |
| 4:19 | Queue | Villager (Male) |
| 4:50 | Queue | Villager (Male) |
| 4:51 | Queue | Villager (Male) |
| 4:52 | Queue | Villager (Male) |
| 4:53 | Queue | Villager (Male) |
| 4:58 | Build | House |
| 5:45 | Queue | Villager (Male) |
| 5:45 | Queue | Villager (Male) |
| 5:52 | Queue | Villager (Male) |
| 5:52 | Queue | Villager (Male) |
| 5:52 | Queue | Villager (Male) |
| 6:42 | Queue | Villager (Male) |
| 6:42 | Queue | Villager (Male) |
| 6:42 | Queue | Villager (Male) |
| 6:48 | Build | Lumber Camp |
| 6:52 | Queue | Villager (Male) |
| 6:52 | Queue | Villager (Male) |
| 7:10 | Queue | Villager (Male) |
| 7:11 | Queue | Villager (Male) |
| 7:33 | Queue | Villager (Male) |
| 7:33 | Queue | Villager (Male) |
| 7:34 | Queue | Villager (Male) |
| 8:02 | Build | House |
| 8:08 | Build | House |
| 8:09 | Build | House |
| 8:14 | Research | Loom |
| 8:19 | Build | House |
| 8:35 | Build | House |
| 8:51 | Queue | Villager (Male) |
| 8:51 | Queue | Villager (Male) |
| 8:52 | Queue | Villager (Male) |
| 9:17 | Build | House |
| 9:28 | Queue | Villager (Male) |
| 9:51 | Queue | Villager (Male) |
| 10:00 | Build | House |
| 10:15 | Build | Dock |
| 10:26 | Queue | Villager (Male) |
| 10:47 | Build | Palisade Gate |
| 10:49 | Build | House |
| 10:55 | Queue | Fishing Ship |
| 11:36 | Build | Mining Camp |
| 11:37 | Queue | Villager (Male) |
| 11:38 | Queue | Villager (Male) |
| 12:16 | Queue | Villager (Male) |
| 12:16 | Research | Feudal Age |
| 12:39 | Queue | Fishing Ship |
| 13:09 | Build | Mill |
| 13:25 | Queue | Fishing Ship |
| 14:00 | Queue | Villager (Male) |
| 14:01 | Queue | Villager (Male) |
| 14:23 | Build | Palisade Wall |
| 14:24 | Build | Palisade Wall |
| 14:24 | Build | Palisade Wall |
| 14:37 | Build | Palisade Wall |
| 15:02 | Age | Feudal Age |
| 15:14 | Build | Market |
| 15:18 | Build | Blacksmith |
| 15:35 | Research | Double-Bit Axe |
| 15:57 | Build | House |
| 16:23 | Research | Castle Age |
| 16:32 | Build | Dock |
| 16:35 | Queue | Fishing Ship |
| 16:38 | Build | House |
| 16:40 | Build | House |
| 17:09 | Build | House |
| 17:38 | Queue | Fishing Ship |
| 17:42 | Research | Tech 906 |
| 18:30 | Build | Barracks |
| 18:31 | Build | House |
| 19:02 | Queue | Villager (Male) |
| 19:02 | Queue | Villager (Male) |
| 19:02 | Queue | Villager (Male) |
| 19:03 | Age | Castle Age |
| 19:11 | Build | Town Center |
| 19:26 | Build | Fish Trap |
| 19:33 | Build | Fish Trap |
| 19:36 | Queue | Fishing Ship |
| 19:43 | Research | Bow Saw |
| 19:56 | Queue | Spearman |
| 20:07 | Queue | Villager (Male) |
| 20:21 | Build | Palisade Wall |
| 20:31 | Queue | Villager (Male) |
| 20:40 | Queue | Fishing Ship |
| 20:42 | Queue | Fishing Ship |
| 20:46 | Build | Farm |
| 20:50 | Build | Farm |
| 21:01 | Queue | Villager (Male) |
| 21:02 | Queue | Villager (Male) |
| 21:08 | Build | Farm |
| 21:13 | Build | Farm |
| 21:24 | Queue | Fishing Ship |
| 21:28 | Queue | Villager (Male) |
| 21:34 | Build | Fish Trap |
| 21:49 | Queue | Villager (Male) |
| 21:50 | Queue | Villager (Male) |
| 21:58 | Build | Farm |
| 22:05 | Build | Fish Trap |
| 22:08 | Queue | Villager (Male) |
| 22:14 | Queue | Villager (Male) |
| 22:15 | Queue | Villager (Male) |
| 22:21 | Build | Fish Trap |
| 22:23 | Queue | Fishing Ship |
| 22:27 | Build | Farm |
| 22:45 | Build | Castle |
| 22:49 | Queue | Villager (Male) |
| 22:52 | Queue | Villager (Male) |
| 22:56 | Queue | Fishing Ship |
| 22:57 | Queue | Fishing Ship |
| 23:00 | Queue | Villager (Male) |
| 23:08 | Build | Fish Trap |
| 23:14 | Queue | Villager (Male) |
| 23:27 | Build | Archery Range |
| 23:37 | Queue | Villager (Male) |
| 23:40 | Queue | Villager (Male) |
| 23:45 | Build | Fish Trap |
| 23:47 | Queue | Fishing Ship |
| 23:52 | Build | Farm |
| 23:54 | Queue | Villager (Male) |
| 23:57 | Queue | Villager (Male) |
| 24:04 | Build | Farm |
| 24:08 | Build | Farm |
| 24:17 | Build | Farm |
| 24:18 | Queue | Villager (Male) |
| 24:29 | Build | Fish Trap |
| 24:32 | Build | Fish Trap |
| 24:33 | Queue | Fishing Ship |
| 24:36 | Queue | Villager (Male) |
| 24:57 | Queue | Villager (Male) |
| 25:00 | Build | Farm |
| 25:02 | Build | Farm |
| 25:02 | Queue | Villager (Male) |
| 25:07 | Build | Archery Range |
| 25:08 | Queue | Villager (Male) |
| 25:11 | Queue | Villager (Male) |
| 25:14 | Queue | Elephant Archer |
| 25:22 | Build | Fish Trap |
| 25:29 | Build | Fish Trap |
| 25:33 | Queue | Fishing Ship |
| 25:34 | Queue | Villager (Male) |
| 25:37 | Build | Farm |
| 25:39 | Queue | Villager (Male) |
| 25:43 | Build | House |
Build order — Ervid
First 150 of 306 actions detected
| 1:23 | Build | Town Center |
| 3:34 | Queue | Villager (Male) |
| 3:34 | Queue | Villager (Male) |
| 3:35 | Queue | Villager (Male) |
| 3:52 | Queue | Villager (Male) |
| 3:52 | Queue | Villager (Male) |
| 4:50 | Queue | Villager (Male) |
| 4:50 | Queue | Villager (Male) |
| 5:35 | Queue | Villager (Male) |
| 5:35 | Queue | Villager (Male) |
| 6:10 | Queue | Villager (Male) |
| 6:11 | Queue | Villager (Male) |
| 6:11 | Queue | Villager (Male) |
| 6:11 | Queue | Villager (Male) |
| 6:54 | Build | Lumber Camp |
| 7:15 | Queue | Villager (Male) |
| 7:16 | Queue | Villager (Male) |
| 7:16 | Queue | Villager (Male) |
| 7:44 | Queue | Villager (Male) |
| 7:44 | Queue | Villager (Male) |
| 7:46 | Queue | Villager (Male) |
| 7:46 | Queue | Villager (Male) |
| 8:20 | Build | Mill |
| 8:21 | Queue | Villager (Male) |
| 8:21 | Queue | Villager (Male) |
| 9:06 | Research | Loom |
| 9:07 | Queue | Villager (Male) |
| 9:07 | Queue | Villager (Male) |
| 9:07 | Queue | Villager (Male) |
| 9:28 | Build | Mill |
| 9:32 | Queue | Villager (Male) |
| 10:10 | Queue | Villager (Male) |
| 10:26 | Build | Mining Camp |
| 10:36 | Queue | Villager (Male) |
| 10:37 | Queue | Villager (Male) |
| 10:38 | Queue | Villager (Male) |
| 10:58 | Build | Palisade Wall |
| 11:11 | Build | Barracks |
| 11:12 | Build | Palisade Wall |
| 11:52 | Build | Palisade Wall |
| 11:57 | Build | Palisade Wall |
| 12:20 | Build | Palisade Wall |
| 12:46 | Build | Farm |
| 12:47 | Build | Farm |
| 12:47 | Build | Farm |
| 12:47 | Build | Farm |
| 12:47 | Build | Farm |
| 12:48 | Build | Farm |
| 12:48 | Build | Farm |
| 12:48 | Build | Farm |
| 12:53 | Research | Feudal Age |
| 12:58 | Build | Palisade Wall |
| 13:08 | Build | Palisade Gate |
| 13:22 | Build | Farm |
| 14:20 | Build | Farm |
| 14:22 | Build | Farm |
| 14:23 | Queue | Villager (Male) |
| 14:23 | Queue | Villager (Male) |
| 14:31 | Build | Farm |
| 15:03 | Age | Feudal Age |
| 15:18 | Build | Mining Camp |
| 15:49 | Build | Blacksmith |
| 15:50 | Build | Palisade Wall |
| 16:03 | Queue | Villager (Male) |
| 16:42 | Build | Stable |
| 17:04 | Build | Farm |
| 17:11 | Build | Palisade Wall |
| 17:43 | Research | Castle Age |
| 17:43 | Research | Castle Age |
| 18:12 | Research | Double-Bit Axe |
| 18:12 | Research | Double-Bit Axe |
| 18:57 | Research | Wheelbarrow |
| 19:39 | Research | Gold Mining |
| 20:15 | Queue | Villager (Male) |
| 20:15 | Queue | Villager (Male) |
| 20:15 | Queue | Villager (Male) |
| 20:23 | Age | Castle Age |
| 20:30 | Build | Castle |
| 21:20 | Research | Husbandry |
| 21:21 | Research | Bloodlines |
| 21:44 | Queue | Tarkan |
| 21:45 | Queue | Tarkan |
| 21:51 | Build | Siege Workshop |
| 23:13 | Build | Market |
| 23:28 | Build | Farm |
| 24:03 | Queue | Mangonel |
| 24:03 | Queue | Mangonel |
| 24:29 | Research | Bow Saw |
| 24:49 | Research | Stone Mining |
| 25:07 | Queue | Villager (Male) |
| 25:08 | Queue | Villager (Male) |
| 25:13 | Queue | Mangonel |
| 25:36 | Queue | Villager (Male) |
| 25:37 | Queue | Villager (Male) |
| 25:57 | Build | Mining Camp |
| 26:08 | Build | Farm |
| 26:09 | Queue | Villager (Male) |
| 26:10 | Queue | Villager (Male) |
| 26:45 | Queue | Villager (Male) |
| 27:06 | Queue | Villager (Male) |
| 27:06 | Queue | Villager (Male) |
| 27:10 | Build | Farm |
| 27:11 | Build | Farm |
| 27:14 | Build | Farm |
| 27:16 | Queue | Mangonel |
| 27:22 | Queue | Villager (Male) |
| 27:22 | Queue | Villager (Male) |
| 27:40 | Build | Outpost |
| 27:57 | Build | Mill |
| 27:58 | Build | Farm |
| 28:25 | Build | Farm |
| 28:26 | Queue | Villager (Male) |
| 28:26 | Queue | Villager (Male) |
| 28:26 | Queue | Villager (Male) |
| 28:27 | Queue | Villager (Male) |
| 28:56 | Build | Castle |
| 28:58 | Build | Mill |
| 29:06 | Build | Farm |
| 29:08 | Queue | Villager (Male) |
| 29:20 | Build | Farm |
| 29:22 | Queue | Villager (Male) |
| 29:50 | Build | Farm |
| 30:10 | Build | Farm |
| 30:13 | Research | Horse Collar |
| 30:13 | Research | Horse Collar |
| 30:15 | Queue | Villager (Male) |
| 30:21 | Build | Mill |
| 30:23 | Build | Farm |
| 30:23 | Build | Farm |
| 30:54 | Build | Farm |
| 31:12 | Build | Farm |
| 31:19 | Queue | Villager (Male) |
| 31:19 | Queue | Villager (Male) |
| 31:20 | Queue | Villager (Male) |
| 31:23 | Queue | Mangonel |
| 31:25 | Queue | Villager (Male) |
| 31:25 | Queue | Villager (Male) |
| 31:27 | Build | Lumber Camp |
| 31:40 | Research | Heavy Plow |
| 31:41 | Research | Heavy Plow |
| 32:27 | Queue | Villager (Male) |
| 32:27 | Queue | Villager (Male) |
| 32:27 | Queue | Villager (Male) |
| 32:28 | Queue | Villager (Male) |
| 32:38 | Build | Mining Camp |
| 33:01 | Research | Town Watch |
| 33:01 | Research | Hand Cart |
| 33:12 | Build | Mining Camp |
| 33:14 | Build | Mining Camp |
| 33:35 | Queue | Villager (Male) |
Build order — [ GG ] SHAKA
First 150 of 274 actions detected
| 0:14 | Build | Mill |
| 0:34 | Build | Town Center |
| 1:48 | Build | House |
| 3:05 | Queue | Villager (Male) ×5 |
| 4:15 | Queue | Villager (Male) |
| 4:15 | Research | Loom |
| 4:52 | Build | House |
| 5:04 | Queue | Villager (Male) |
| 5:06 | Research | Loom |
| 5:29 | Build | Mill |
| 5:35 | Build | Mill |
| 6:24 | Queue | Villager (Male) |
| 6:29 | Queue | Villager (Male) |
| 6:47 | Queue | Villager (Male) |
| 7:19 | Build | House |
| 7:20 | Build | House |
| 7:28 | Queue | Villager (Male) |
| 7:43 | Queue | Villager (Male) |
| 7:58 | Queue | Villager (Male) ×2 |
| 8:20 | Build | House |
| 8:23 | Build | Palisade Wall |
| 8:30 | Queue | Villager (Male) |
| 8:46 | Build | Barracks |
| 9:16 | Queue | Villager (Male) |
| 9:41 | Queue | Villager (Male) ×3 |
| 9:56 | Build | Mining Camp |
| 10:00 | Build | Palisade Wall |
| 10:08 | Queue | Villager (Male) ×3 |
| 10:47 | Build | Mill |
| 11:35 | Queue | Militia |
| 12:05 | Build | Mill |
| 12:15 | Queue | Villager (Male) |
| 12:29 | Build | House |
| 12:51 | Queue | Villager (Male) |
| 13:22 | Build | Barracks |
| 13:24 | Research | Feudal Age |
| 13:28 | Queue | Militia ×2 |
| 13:28 | Queue | Militia ×2 |
| 13:55 | Queue | Militia ×2 |
| 14:00 | Build | House |
| 14:11 | Build | Lumber Camp |
| 14:14 | Queue | Villager (Male) |
| 14:18 | Queue | Militia |
| 14:50 | Build | House |
| 14:52 | Queue | Militia ×4 |
| 15:04 | Build | Mill |
| 15:14 | Queue | Militia ×2 |
| 15:34 | Build | Palisade Wall |
| 15:35 | Build | Palisade Wall |
| 15:39 | Build | Palisade Gate |
| 15:41 | Age | Feudal Age |
| 15:48 | Research | Man-at-Arms (upgrade) |
| 15:57 | Queue | Villager (Male) |
| 16:21 | Research | Arson |
| 16:27 | Queue | Villager (Male) |
| 16:33 | Build | House |
| 16:48 | Queue | Militia ×2 |
| 17:15 | Queue | Villager (Male) ×5 |
| 17:28 | Research | Horse Collar |
| 17:32 | Queue | Militia ×2 |
| 17:54 | Build | Farm |
| 17:55 | Build | Farm |
| 17:56 | Build | Farm |
| 17:58 | Build | Farm |
| 18:36 | Queue | Militia ×3 |
| 18:36 | Queue | Spearman ×5 |
| 18:51 | Build | Palisade Wall |
| 18:53 | Build | Palisade Wall |
| 18:54 | Build | Palisade Wall |
| 18:56 | Build | Palisade Wall |
| 18:57 | Build | Palisade Wall |
| 19:01 | Queue | Villager (Male) |
| 19:26 | Build | House |
| 19:32 | Research | Double-Bit Axe |
| 19:34 | Queue | Villager (Male) |
| 19:56 | Queue | Villager (Male) |
| 19:58 | Build | House |
| 20:30 | Build | House |
| 20:50 | Queue | Villager (Male) ×5 |
| 20:52 | Build | Farm |
| 20:53 | Build | Farm |
| 21:33 | Queue | Villager (Male) |
| 21:33 | Queue | Villager (Male) |
| 21:44 | Build | Farm |
| 21:46 | Build | Farm |
| 21:47 | Build | Farm |
| 21:49 | Build | Farm |
| 21:50 | Build | Farm |
| 22:24 | Build | Stone Wall |
| 22:28 | Build | Gate |
| 22:44 | Build | House |
| 22:47 | Build | House |
| 23:03 | Queue | Villager (Male) |
| 23:04 | Queue | Villager (Male) |
| 23:42 | Build | Archery Range |
| 23:52 | Queue | Villager (Male) |
| 23:53 | Queue | Villager (Male) |
| 24:08 | Build | Farm |
| 24:17 | Queue | Skirmisher ×3 |
| 24:42 | Build | Farm |
| 24:56 | Queue | Villager (Male) |
| 25:10 | Build | Gate |
| 25:14 | Build | Farm |
| 25:17 | Queue | Villager (Male) ×5 |
| 25:39 | Build | Farm |
| 25:43 | Build | Farm |
| 25:43 | Build | Farm |
| 26:05 | Build | Mining Camp |
| 26:08 | Queue | Skirmisher |
| 26:19 | Build | Market |
| 26:25 | Build | Farm |
| 26:26 | Build | Farm |
| 26:28 | Build | Farm |
| 27:18 | Queue | Skirmisher |
| 27:18 | Queue | Skirmisher |
| 27:34 | Build | Gate |
| 27:39 | Build | Palisade Wall |
| 27:42 | Queue | Skirmisher |
| 27:43 | Queue | Villager (Male) |
| 27:43 | Queue | Villager (Male) |
| 28:23 | Queue | Villager (Male) |
| 28:37 | Build | Farm |
| 29:11 | Research | Castle Age |
| 29:42 | Build | Outpost |
| 29:51 | Research | Stone Mining |
| 29:56 | Research | Gold Mining |
| 30:04 | Build | Farm |
| 30:09 | Build | Lumber Camp |
| 30:13 | Queue | Villager (Male) |
| 30:13 | Queue | Villager (Male) |
| 30:20 | Build | Farm |
| 30:29 | Build | Outpost |
| 30:36 | Queue | Skirmisher |
| 30:37 | Queue | Skirmisher |
| 30:37 | Queue | Skirmisher |
| 31:10 | Build | Outpost |
| 31:33 | Queue | Skirmisher |
| 31:38 | Build | Blacksmith |
| 31:51 | Age | Castle Age |
| 31:55 | Research | Stone Shaft Mining |
| 32:01 | Queue | Villager (Male) |
| 32:05 | Research | Bow Saw |
| 32:10 | Queue | Villager (Male) |
| 32:21 | Build | House |
| 32:41 | Research | Elite Skirmisher (upgrade) |
| 32:50 | Research | Fletching |
| 32:50 | Research | Padded Archer Armor |
| 32:53 | Build | House |
| 33:01 | Queue | Villager (Male) |
| 33:02 | Queue | Villager (Male) |
Build order — Maxmax
First 150 of 452 actions detected
| 0:38 | Build | Town Center |
| 2:38 | Build | House |
| 2:46 | Queue | Villager (Male) |
| 2:46 | Queue | Villager (Male) |
| 2:46 | Queue | Villager (Male) |
| 2:47 | Queue | Villager (Male) |
| 2:47 | Queue | Villager (Male) |
| 3:45 | Queue | Villager (Male) |
| 3:46 | Queue | Villager (Male) |
| 4:25 | Queue | Villager (Male) |
| 4:26 | Queue | Villager (Male) |
| 4:26 | Queue | Villager (Male) |
| 4:37 | Build | House |
| 4:39 | Build | Lumber Camp |
| 4:49 | Queue | Villager (Male) |
| 4:49 | Queue | Villager (Male) |
| 5:11 | Queue | Villager (Male) |
| 5:11 | Queue | Villager (Male) |
| 5:38 | Queue | Villager (Male) |
| 5:38 | Queue | Villager (Male) |
| 5:58 | Queue | Villager (Male) |
| 5:58 | Queue | Villager (Male) |
| 6:15 | Research | Loom |
| 6:36 | Build | House |
| 6:38 | Build | House |
| 6:58 | Queue | Villager (Male) |
| 6:58 | Queue | Villager (Male) |
| 7:09 | Queue | Villager (Male) |
| 7:09 | Queue | Villager (Male) |
| 8:05 | Queue | Villager (Male) |
| 8:06 | Queue | Villager (Male) |
| 8:19 | Build | Mill |
| 9:06 | Queue | Villager (Male) |
| 9:44 | Build | House |
| 10:00 | Queue | Villager (Male) |
| 10:00 | Queue | Villager (Male) |
| 10:13 | Build | House |
| 10:27 | Queue | Villager (Male) |
| 11:02 | Queue | Villager (Male) |
| 11:03 | Queue | Villager (Male) |
| 11:20 | Build | Mining Camp |
| 11:26 | Research | Feudal Age |
| 11:32 | Build | Barracks |
| 13:16 | Build | Palisade Wall |
| 13:22 | Build | House |
| 13:24 | Build | Palisade Wall |
| 13:31 | Build | Palisade Wall |
| 14:15 | Age | Feudal Age |
| 14:19 | Build | Archery Range |
| 14:24 | Build | Blacksmith |
| 14:26 | Queue | Villager (Male) |
| 14:27 | Queue | Villager (Male) |
| 14:56 | Research | Castle Age |
| 15:13 | Build | Palisade Gate |
| 15:28 | Research | Double-Bit Axe |
| 16:10 | Build | Archery Range |
| 16:28 | Build | Watch Tower |
| 17:03 | Queue | Villager (Male) |
| 17:16 | Research | Fletching |
| 17:56 | Age | Castle Age |
| 18:06 | Build | Farm |
| 18:08 | Queue | Cavalry Archer |
| 18:08 | Queue | Cavalry Archer |
| 18:09 | Queue | Cavalry Archer |
| 18:18 | Queue | Villager (Male) |
| 18:18 | Queue | Villager (Male) |
| 18:41 | Queue | Villager (Male) |
| 18:41 | Queue | Villager (Male) |
| 18:55 | Build | Market |
| 18:59 | Build | Farm |
| 19:11 | Queue | Cavalry Archer ×2 |
| 19:12 | Queue | Villager (Male) |
| 19:12 | Queue | Villager (Male) |
| 19:36 | Queue | Cavalry Archer |
| 19:36 | Queue | Cavalry Archer |
| 19:44 | Build | House |
| 20:18 | Queue | Villager (Male) |
| 20:21 | Queue | Cavalry Archer |
| 20:21 | Queue | Cavalry Archer |
| 20:22 | Queue | Cavalry Archer |
| 20:45 | Build | House |
| 20:54 | Build | Town Center |
| 21:31 | Queue | Villager (Male) |
| 21:32 | Queue | Villager (Male) |
| 21:34 | Queue | Cavalry Archer |
| 21:34 | Queue | Cavalry Archer |
| 21:35 | Queue | Cavalry Archer |
| 21:35 | Queue | Cavalry Archer |
| 22:13 | Queue | Cavalry Archer |
| 22:13 | Queue | Cavalry Archer |
| 22:13 | Queue | Cavalry Archer |
| 22:24 | Build | Farm |
| 22:24 | Build | Farm |
| 22:24 | Build | Farm |
| 22:24 | Build | Farm |
| 22:25 | Build | Farm |
| 22:25 | Build | Farm |
| 22:43 | Build | Farm |
| 22:45 | Build | Farm |
| 22:50 | Queue | Villager (Male) |
| 22:50 | Queue | Villager (Male) |
| 23:30 | Queue | Villager (Male) |
| 23:31 | Queue | Villager (Male) |
| 23:32 | Queue | Archer |
| 23:32 | Queue | Archer |
| 23:32 | Queue | Archer |
| 23:36 | Queue | Cavalry Archer |
| 23:36 | Queue | Cavalry Archer |
| 23:37 | Queue | Cavalry Archer |
| 23:37 | Queue | Cavalry Archer |
| 23:37 | Queue | Cavalry Archer |
| 24:36 | Queue | Villager (Male) |
| 24:36 | Queue | Villager (Male) |
| 24:49 | Queue | Villager (Male) |
| 24:50 | Queue | Villager (Male) |
| 24:52 | Build | House |
| 24:53 | Build | House |
| 25:16 | Build | Farm |
| 25:17 | Build | Farm |
| 25:19 | Queue | Cavalry Archer |
| 25:19 | Queue | Cavalry Archer |
| 25:19 | Queue | Cavalry Archer |
| 25:20 | Queue | Villager (Male) |
| 25:20 | Queue | Villager (Male) |
| 25:35 | Queue | Villager (Male) |
| 25:35 | Queue | Villager (Male) |
| 25:38 | Build | House |
| 25:39 | Build | Mining Camp |
| 25:43 | Queue | Villager (Male) |
| 25:44 | Queue | Villager (Male) |
| 26:04 | Research | Bodkin Arrow |
| 26:05 | Research | Bodkin Arrow |
| 26:44 | Queue | Villager (Male) |
| 26:44 | Queue | Villager (Male) |
| 26:48 | Build | Farm |
| 26:48 | Build | Farm |
| 26:48 | Build | Farm |
| 26:48 | Build | Farm |
| 27:48 | Queue | Villager (Male) |
| 27:48 | Queue | Villager (Male) |
| 27:49 | Queue | Villager (Male) |
| 27:49 | Queue | Villager (Male) |
| 28:01 | Build | Mining Camp |
| 28:02 | Queue | Villager (Male) |
| 28:02 | Queue | Villager (Male) |
| 28:07 | Queue | Cavalry Archer |
| 28:07 | Queue | Cavalry Archer |
| 28:07 | Queue | Cavalry Archer |
| 28:16 | Queue | Villager (Male) |
| 28:16 | Queue | Villager (Male) |
Build order — knight errant
First 150 of 497 actions detected
| 0:05 | Build | Town Center |
| 1:54 | Build | House |
| 2:21 | Queue | Villager (Male) |
| 2:21 | Queue | Villager (Male) |
| 2:21 | Queue | Villager (Male) |
| 2:21 | Queue | Villager (Male) |
| 2:56 | Build | House |
| 3:09 | Build | House |
| 4:28 | Queue | Villager (Male) |
| 4:28 | Queue | Villager (Male) |
| 4:43 | Queue | Villager (Male) |
| 4:46 | Build | House |
| 4:57 | Build | Lumber Camp |
| 5:07 | Queue | Villager (Male) |
| 5:22 | Queue | Villager (Male) |
| 5:37 | Build | House |
| 5:44 | Queue | Villager (Male) |
| 6:06 | Build | House |
| 6:09 | Queue | Villager (Male) |
| 6:28 | Queue | Villager (Male) |
| 6:44 | Build | House |
| 6:53 | Queue | Villager (Male) |
| 6:58 | Build | House |
| 7:03 | Build | House |
| 7:09 | Queue | Villager (Male) |
| 7:12 | Queue | Villager (Male) |
| 7:17 | Research | Loom |
| 7:26 | Queue | Villager (Male) |
| 7:34 | Queue | Villager (Male) |
| 8:08 | Queue | Villager (Male) |
| 8:26 | Build | House |
| 8:43 | Queue | Villager (Male) |
| 8:47 | Build | House |
| 8:49 | Build | House |
| 9:00 | Build | House |
| 9:21 | Build | Palisade Wall |
| 9:21 | Build | Palisade Wall |
| 9:23 | Build | Palisade Gate |
| 9:24 | Build | Palisade Wall |
| 9:25 | Build | Palisade Wall |
| 9:28 | Build | Palisade Wall |
| 9:29 | Build | Palisade Wall |
| 9:35 | Queue | Villager (Male) |
| 10:00 | Queue | Villager (Male) |
| 10:15 | Queue | Villager (Male) |
| 10:29 | Build | Mining Camp |
| 10:34 | Build | House |
| 10:55 | Queue | Villager (Male) |
| 10:55 | Queue | Villager (Male) |
| 11:07 | Build | House |
| 11:19 | Build | House |
| 11:41 | Research | Feudal Age |
| 11:50 | Build | House |
| 12:10 | Build | House |
| 12:41 | Build | Palisade Wall |
| 12:45 | Build | Palisade Wall |
| 12:49 | Build | Palisade Wall |
| 12:54 | Build | Palisade Wall |
| 12:59 | Build | Palisade Wall |
| 13:00 | Build | Palisade Wall |
| 13:20 | Build | House |
| 13:55 | Age | Feudal Age |
| 14:02 | Research | Castle Age |
| 14:06 | Build | Palisade Wall |
| 14:08 | Build | Palisade Wall |
| 14:18 | Build | Stable |
| 14:35 | Research | Double-Bit Axe |
| 14:51 | Queue | Scout Cavalry |
| 14:51 | Queue | Scout Cavalry |
| 14:51 | Queue | Scout Cavalry |
| 16:00 | Queue | Villager (Male) |
| 16:26 | Build | House |
| 16:42 | Age | Castle Age |
| 16:55 | Build | Town Center |
| 17:00 | Queue | Knight |
| 17:00 | Queue | Knight |
| 17:01 | Queue | Knight |
| 17:07 | Queue | Villager (Male) |
| 17:16 | Build | House |
| 17:33 | Queue | Villager (Male) |
| 18:15 | Queue | Villager (Male) |
| 18:15 | Queue | Villager (Male) |
| 18:18 | Queue | Villager (Male) |
| 18:20 | Build | House |
| 18:33 | Queue | Villager (Male) |
| 18:42 | Build | Town Center |
| 18:49 | Research | Wheelbarrow |
| 18:53 | Build | House |
| 18:54 | Build | House |
| 19:01 | Queue | Villager (Male) |
| 19:34 | Queue | Villager (Male) |
| 19:34 | Queue | Villager (Male) |
| 20:04 | Queue | Villager (Male) |
| 20:04 | Queue | Villager (Male) |
| 20:04 | Queue | Villager (Male) |
| 20:13 | Build | Farm |
| 20:14 | Build | Farm |
| 20:14 | Build | Farm |
| 20:15 | Build | Farm |
| 20:36 | Queue | Villager (Male) |
| 20:36 | Queue | Villager (Male) |
| 20:53 | Build | Market |
| 20:56 | Queue | Villager (Male) |
| 21:10 | Queue | Villager (Male) |
| 21:10 | Queue | Villager (Male) |
| 21:10 | Queue | Villager (Male) |
| 21:27 | Queue | Villager (Male) |
| 21:27 | Queue | Villager (Male) |
| 21:55 | Queue | Villager (Male) |
| 21:58 | Build | House |
| 21:59 | Build | House |
| 22:17 | Research | Hand Cart |
| 22:18 | Queue | Villager (Male) |
| 22:18 | Queue | Villager (Male) |
| 22:22 | Queue | Villager (Male) |
| 22:36 | Queue | Villager (Male) |
| 22:36 | Queue | Villager (Male) |
| 22:43 | Queue | Villager (Male) |
| 22:56 | Queue | Villager (Male) |
| 23:00 | Build | Town Center |
| 23:05 | Build | Farm |
| 23:08 | Build | Farm |
| 23:19 | Queue | Villager (Male) |
| 23:20 | Queue | Villager (Male) |
| 23:20 | Queue | Villager (Male) |
| 23:24 | Build | Gate |
| 23:25 | Build | Stone Wall |
| 23:35 | Build | Stone Wall |
| 23:36 | Build | House |
| 23:47 | Queue | Villager (Male) |
| 23:47 | Queue | Villager (Male) |
| 23:50 | Build | Farm |
| 23:53 | Build | Farm |
| 23:54 | Build | Farm |
| 23:56 | Queue | Villager (Male) |
| 23:58 | Build | Mining Camp |
| 24:04 | Queue | Villager (Male) |
| 24:05 | Build | Farm |
| 24:24 | Queue | Villager (Male) |
| 24:25 | Queue | Villager (Male) |
| 24:37 | Queue | Villager (Male) |
| 24:38 | Queue | Villager (Male) |
| 24:42 | Build | Town Center |
| 25:02 | Build | Siege Workshop |
| 25:03 | Queue | Villager (Male) |
| 25:03 | Queue | Villager (Male) |
| 25:07 | Build | House |
| 25:09 | Build | House |
| 25:10 | Queue | Villager (Male) |
| 25:10 | Queue | Villager (Male) |
Build order — RiasSei
First 150 of 707 actions detected
| 0:07 | Build | Town Center |
| 2:01 | Build | House |
| 2:11 | Queue | Villager (Male) |
| 2:11 | Queue | Villager (Male) |
| 2:12 | Queue | Villager (Male) |
| 2:12 | Queue | Villager (Male) |
| 2:12 | Queue | Villager (Male) |
| 3:08 | Queue | Villager (Male) |
| 3:08 | Queue | Villager (Male) |
| 3:30 | Build | Palisade Wall |
| 3:36 | Build | Palisade Wall |
| 3:47 | Queue | Villager (Male) |
| 3:47 | Queue | Villager (Male) |
| 4:03 | Build | House |
| 4:23 | Queue | Villager (Male) |
| 4:23 | Queue | Villager (Male) |
| 4:58 | Build | Lumber Camp |
| 5:10 | Queue | Villager (Male) |
| 5:10 | Queue | Villager (Male) |
| 5:10 | Queue | Villager (Male) |
| 5:11 | Queue | Villager (Male) |
| 5:49 | Build | House |
| 6:03 | Queue | Villager (Male) |
| 6:03 | Queue | Villager (Male) |
| 6:03 | Queue | Villager (Male) |
| 6:18 | Build | House |
| 6:21 | Build | Palisade Wall |
| 6:42 | Queue | Villager (Male) |
| 6:43 | Queue | Villager (Male) |
| 7:20 | Queue | Villager (Male) |
| 7:39 | Queue | Villager (Male) |
| 7:43 | Build | Mill |
| 7:47 | Build | Mill |
| 7:49 | Queue | Villager (Male) |
| 8:00 | Queue | Villager (Male) |
| 8:29 | Queue | Villager (Male) |
| 8:59 | Queue | Villager (Male) |
| 9:20 | Build | House |
| 9:25 | Queue | Villager (Male) |
| 9:28 | Build | Mining Camp |
| 10:09 | Research | Feudal Age |
| 10:09 | Research | Feudal Age |
| 10:25 | Build | House |
| 10:32 | Build | Palisade Wall |
| 10:43 | Queue | Villager (Male) |
| 10:43 | Queue | Villager (Male) |
| 11:37 | Build | House |
| 12:20 | Age | Feudal Age |
| 12:22 | Build | Market |
| 12:24 | Build | Blacksmith |
| 12:28 | Build | Blacksmith |
| 12:30 | Build | House |
| 13:04 | Queue | Villager (Male) |
| 13:17 | Queue | Villager (Male) |
| 14:09 | Research | Castle Age |
| 14:09 | Research | Castle Age |
| 14:34 | Research | Double-Bit Axe |
| 14:35 | Research | Double-Bit Axe |
| 14:35 | Research | Double-Bit Axe |
| 14:40 | Build | Palisade Wall |
| 15:05 | Build | Mill |
| 15:11 | Queue | Villager (Male) |
| 15:14 | Research | Horse Collar |
| 15:14 | Research | Horse Collar |
| 15:22 | Research | Town Watch |
| 15:23 | Research | Town Watch |
| 15:24 | Research | Loom |
| 15:24 | Research | Town Watch |
| 15:25 | Research | Town Watch |
| 16:40 | Build | Outpost |
| 16:49 | Age | Castle Age |
| 16:52 | Queue | Villager (Male) |
| 17:33 | Queue | Villager (Male) |
| 17:38 | Build | Barracks |
| 17:44 | Build | Castle |
| 18:05 | Queue | Villager (Male) |
| 18:06 | Queue | Villager (Male) |
| 18:19 | Queue | Villager (Male) |
| 18:33 | Queue | Villager (Male) |
| 18:37 | Queue | Spearman |
| 18:47 | Queue | Villager (Male) |
| 18:56 | Queue | Villager (Male) |
| 19:01 | Build | Farm |
| 19:02 | Build | Farm |
| 19:16 | Build | Town Center |
| 19:29 | Queue | Villager (Male) |
| 19:32 | Queue | Villager (Male) |
| 19:42 | Build | House |
| 19:46 | Queue | Villager (Male) |
| 19:53 | Queue | Villager (Male) |
| 20:00 | Build | House |
| 20:11 | Build | Mining Camp |
| 20:14 | Queue | Villager (Male) |
| 20:40 | Queue | Spearman |
| 20:43 | Queue | Spearman |
| 21:09 | Queue | Villager (Male) |
| 21:31 | Queue | Villager (Male) |
| 21:32 | Queue | Villager (Male) |
| 21:32 | Queue | Villager (Male) |
| 21:43 | Queue | Spearman |
| 21:46 | Queue | Villager (Male) |
| 21:46 | Queue | Villager (Male) |
| 21:47 | Queue | Villager (Male) |
| 21:48 | Build | Outpost |
| 22:06 | Queue | Spearman |
| 22:15 | Build | Outpost |
| 22:16 | Build | Outpost |
| 22:29 | Queue | Fire Lancer |
| 22:30 | Queue | Fire Lancer |
| 22:39 | Queue | Villager (Male) |
| 22:39 | Queue | Villager (Male) |
| 22:51 | Queue | Villager (Male) |
| 22:51 | Queue | Villager (Male) |
| 23:04 | Build | Farm |
| 23:06 | Build | Farm |
| 23:09 | Build | Farm |
| 23:11 | Build | Farm |
| 23:15 | Queue | Villager (Male) |
| 23:15 | Queue | Villager (Male) |
| 23:16 | Queue | Villager (Male) |
| 23:20 | Queue | Fire Lancer |
| 23:20 | Queue | Fire Lancer |
| 23:21 | Queue | Fire Lancer |
| 23:30 | Build | Outpost |
| 23:48 | Queue | Villager (Male) |
| 23:48 | Queue | Villager (Male) |
| 24:00 | Queue | Villager (Male) |
| 24:01 | Build | Farm |
| 24:12 | Build | Outpost |
| 24:13 | Build | Outpost |
| 24:14 | Queue | Villager (Male) |
| 24:14 | Queue | Villager (Male) |
| 24:17 | Build | Farm |
| 24:27 | Build | Town Center |
| 24:28 | Queue | Villager (Male) |
| 24:28 | Queue | Villager (Male) |
| 24:39 | Queue | Villager (Male) |
| 24:39 | Queue | Villager (Male) |
| 24:39 | Queue | Villager (Male) |
| 24:57 | Queue | Villager (Male) |
| 24:58 | Queue | Villager (Male) |
| 25:05 | Queue | Villager (Male) |
| 25:05 | Queue | Villager (Male) |
| 25:12 | Queue | Villager (Male) |
| 25:12 | Queue | Villager (Male) |
| 25:22 | Queue | Fire Lancer |
| 25:22 | Queue | Fire Lancer |
| 25:24 | Queue | Villager (Male) |
| 25:24 | Queue | Villager (Male) |
| 25:28 | Build | Town Center |
Build order — Exellence
First 150 of 558 actions detected
| 1:04 | Build | Town Center |
| 2:46 | Build | House |
| 2:47 | Build | House |
| 2:53 | Build | Lumber Camp |
| 2:58 | Queue | Villager (Male) |
| 2:58 | Queue | Villager (Male) |
| 2:58 | Queue | Villager (Male) |
| 2:59 | Queue | Villager (Male) |
| 2:59 | Queue | Villager (Male) |
| 2:59 | Queue | Villager (Male) |
| 3:52 | Queue | Villager (Male) |
| 3:52 | Queue | Villager (Male) |
| 4:36 | Queue | Villager (Male) |
| 4:36 | Queue | Villager (Male) |
| 4:36 | Queue | Villager (Male) |
| 5:06 | Queue | Villager (Male) |
| 5:08 | Research | Loom |
| 5:08 | Research | Loom |
| 5:08 | Research | Loom |
| 5:22 | Queue | Villager (Male) |
| 5:23 | Queue | Villager (Male) |
| 5:23 | Queue | Villager (Male) |
| 5:23 | Queue | Villager (Male) |
| 5:51 | Queue | Villager (Male) |
| 5:51 | Queue | Villager (Male) |
| 6:22 | Build | House |
| 6:44 | Queue | Villager (Male) |
| 6:44 | Queue | Villager (Male) |
| 6:44 | Queue | Villager (Male) |
| 7:14 | Queue | Villager (Male) |
| 7:14 | Queue | Villager (Male) |
| 7:15 | Queue | Villager (Male) |
| 7:53 | Build | House |
| 7:54 | Build | House |
| 7:55 | Build | House |
| 8:00 | Queue | Villager (Male) |
| 8:00 | Queue | Villager (Male) |
| 8:00 | Queue | Villager (Male) |
| 8:00 | Queue | Villager (Male) |
| 8:39 | Queue | Villager (Male) |
| 8:39 | Queue | Villager (Male) |
| 8:40 | Queue | Villager (Male) |
| 8:41 | Queue | Villager (Male) |
| 8:41 | Queue | Villager (Male) |
| 8:58 | Build | House |
| 9:08 | Queue | Villager (Male) |
| 9:08 | Queue | Villager (Male) |
| 9:22 | Queue | Villager (Male) |
| 9:23 | Queue | Villager (Male) |
| 9:36 | Queue | Villager (Male) |
| 9:36 | Queue | Villager (Male) |
| 9:51 | Build | Palisade Gate |
| 9:53 | Build | House |
| 11:01 | Build | Mill |
| 11:33 | Queue | Villager (Male) |
| 11:54 | Build | House |
| 11:57 | Build | House |
| 12:13 | Research | Feudal Age |
| 12:13 | Research | Feudal Age |
| 12:46 | Build | Mining Camp |
| 14:45 | Age | Feudal Age |
| 14:45 | Queue | Villager (Male) |
| 14:45 | Queue | Villager (Male) |
| 14:48 | Build | Stable |
| 14:51 | Build | Stable |
| 14:57 | Queue | Villager (Male) |
| 15:11 | Queue | Villager (Male) |
| 15:36 | Queue | Scout Cavalry |
| 15:36 | Queue | Scout Cavalry |
| 15:37 | Queue | Scout Cavalry |
| 15:37 | Queue | Scout Cavalry |
| 15:42 | Queue | Scout Cavalry |
| 15:42 | Queue | Scout Cavalry |
| 15:48 | Build | Blacksmith |
| 16:10 | Queue | Villager (Male) |
| 16:10 | Queue | Villager (Male) |
| 16:13 | Research | Bloodlines |
| 16:14 | Queue | Scout Cavalry |
| 16:15 | Queue | Scout Cavalry |
| 16:35 | Research | Forging |
| 16:35 | Research | Forging |
| 16:35 | Research | Forging |
| 16:36 | Research | Scale Barding Armor |
| 16:36 | Research | Scale Barding Armor |
| 16:49 | Queue | Scout Cavalry |
| 16:50 | Queue | Scout Cavalry |
| 17:17 | Queue | Villager (Male) |
| 17:18 | Queue | Villager (Male) |
| 17:22 | Build | Mill |
| 17:29 | Queue | Villager (Male) |
| 17:36 | Queue | Villager (Male) |
| 18:11 | Queue | Villager (Male) |
| 19:01 | Queue | Villager (Male) |
| 19:15 | Research | Wheelbarrow |
| 19:16 | Research | Wheelbarrow |
| 19:16 | Research | Wheelbarrow |
| 19:23 | Research | Double-Bit Axe |
| 19:27 | Build | House |
| 19:29 | Build | House |
| 20:08 | Research | Castle Age |
| 20:08 | Research | Castle Age |
| 20:09 | Research | Castle Age |
| 20:23 | Build | Mill |
| 22:03 | Queue | Scout Cavalry ×5 |
| 22:06 | Queue | Villager (Male) |
| 22:21 | Research | Horse Collar |
| 22:44 | Build | Farm |
| 23:17 | Age | Castle Age |
| 23:21 | Research | Light Cavalry (upgrade) |
| 23:21 | Research | Light Cavalry (upgrade) |
| 23:21 | Research | Light Cavalry (upgrade) |
| 23:21 | Research | Husbandry |
| 23:21 | Research | Husbandry |
| 23:26 | Queue | Villager (Male) |
| 23:26 | Queue | Villager (Male) |
| 23:36 | Build | Town Center |
| 23:55 | Queue | Villager (Male) |
| 24:25 | Queue | Villager (Male) |
| 25:08 | Research | Heavy Plow |
| 25:20 | Queue | Villager (Male) |
| 25:20 | Queue | Villager (Male) |
| 25:20 | Queue | Villager (Male) |
| 25:23 | Queue | Villager (Male) |
| 25:23 | Queue | Villager (Male) |
| 25:23 | Queue | Villager (Male) |
| 25:32 | Build | Town Center |
| 25:35 | Research | Bow Saw |
| 25:36 | Research | Bow Saw |
| 26:17 | Research | Heavy Plow |
| 26:21 | Build | Farm |
| 26:21 | Build | Farm |
| 26:21 | Build | Farm |
| 26:21 | Build | Farm |
| 26:21 | Build | Farm |
| 26:21 | Build | Farm |
| 26:22 | Build | Farm |
| 26:22 | Build | Farm |
| 26:22 | Build | Farm |
| 26:22 | Build | Farm |
| 26:26 | Queue | Villager (Male) |
| 26:26 | Queue | Villager (Male) |
| 26:29 | Queue | Villager (Male) |
| 26:30 | Queue | Villager (Male) |
| 26:37 | Build | Farm |
| 26:39 | Build | Farm |
| 26:52 | Queue | Villager (Male) |
| 26:52 | Queue | Villager (Male) |
| 26:58 | Queue | Villager (Male) |
| 26:58 | Queue | Villager (Male) |
| 27:03 | Build | Farm |
Build order — MATE
First 150 of 388 actions detected
| 0:34 | Build | Town Center |
| 2:29 | Build | House |
| 2:42 | Queue | Villager (Male) |
| 2:43 | Queue | Villager (Male) |
| 2:43 | Queue | Villager (Male) |
| 2:43 | Queue | Villager (Male) |
| 4:23 | Queue | Villager (Male) |
| 4:24 | Queue | Villager (Male) |
| 4:31 | Build | House |
| 4:45 | Queue | Villager (Male) |
| 4:45 | Queue | Villager (Male) |
| 5:06 | Build | Lumber Camp |
| 5:23 | Research | Loom |
| 5:45 | Queue | Villager (Male) |
| 5:46 | Queue | Villager (Male) |
| 5:46 | Queue | Villager (Male) |
| 5:47 | Queue | Villager (Male) |
| 7:01 | Queue | Villager (Male) |
| 7:01 | Queue | Villager (Male) |
| 7:01 | Queue | Villager (Male) |
| 7:02 | Queue | Villager (Male) |
| 7:19 | Build | House |
| 8:05 | Queue | Villager (Male) |
| 8:06 | Queue | Villager (Male) |
| 8:25 | Build | House |
| 8:30 | Queue | Villager (Male) |
| 8:30 | Queue | Villager (Male) |
| 8:32 | Queue | Villager (Male) |
| 8:43 | Build | Mill |
| 8:51 | Queue | Villager (Male) |
| 8:52 | Queue | Villager (Male) |
| 9:12 | Build | Palisade Wall |
| 9:16 | Build | Palisade Wall |
| 9:45 | Build | Mill |
| 10:06 | Build | House |
| 10:29 | Queue | Villager (Male) |
| 10:30 | Queue | Villager (Male) |
| 11:31 | Build | Mining Camp |
| 11:45 | Research | Feudal Age |
| 11:45 | Research | Feudal Age |
| 11:45 | Research | Feudal Age |
| 11:55 | Build | House |
| 12:00 | Build | Palisade Wall |
| 12:48 | Queue | Villager (Male) |
| 12:48 | Queue | Villager (Male) |
| 12:59 | Build | Palisade Wall |
| 13:55 | Age | Feudal Age |
| 14:04 | Build | Blacksmith |
| 14:22 | Queue | Villager (Male) |
| 14:50 | Build | Mining Camp |
| 15:02 | Build | Market |
| 15:07 | Queue | Villager (Male) |
| 15:35 | Queue | Villager (Male) |
| 15:53 | Research | Castle Age |
| 15:56 | Build | Mining Camp |
| 16:22 | Build | House |
| 16:25 | Build | Palisade Wall |
| 16:28 | Build | Palisade Wall |
| 16:40 | Research | Double-Bit Axe |
| 17:53 | Research | Fletching |
| 18:29 | Build | Mill |
| 18:40 | Age | Castle Age |
| 18:43 | Build | Castle |
| 19:25 | Queue | Villager (Male) |
| 19:25 | Queue | Villager (Male) |
| 19:27 | Research | Bodkin Arrow |
| 19:46 | Queue | Villager (Male) |
| 20:04 | Queue | War Wagon |
| 20:05 | Queue | War Wagon |
| 21:00 | Queue | War Wagon |
| 21:01 | Queue | Villager (Male) |
| 21:01 | Queue | Villager (Male) |
| 21:10 | Build | Mill |
| 21:17 | Queue | Villager (Male) |
| 21:24 | Queue | War Wagon |
| 21:25 | Queue | War Wagon |
| 21:58 | Queue | War Wagon |
| 21:58 | Queue | War Wagon |
| 22:17 | Queue | War Wagon |
| 22:20 | Queue | Villager (Male) |
| 22:20 | Queue | Villager (Male) |
| 22:22 | Research | Wheelbarrow |
| 22:50 | Queue | War Wagon |
| 22:51 | Queue | War Wagon |
| 23:40 | Queue | War Wagon |
| 23:40 | Queue | War Wagon |
| 23:43 | Queue | Villager (Male) |
| 23:43 | Queue | Villager (Male) |
| 24:34 | Build | Town Center |
| 24:41 | Research | Hand Cart |
| 25:02 | Build | Lumber Camp |
| 25:42 | Queue | Villager (Male) |
| 25:43 | Queue | Villager (Male) |
| 25:43 | Queue | Villager (Male) |
| 26:09 | Queue | Villager (Male) |
| 26:09 | Queue | Villager (Male) |
| 26:09 | Queue | Villager (Male) |
| 26:16 | Build | Town Center |
| 27:07 | Queue | Villager (Male) |
| 27:08 | Queue | Villager (Male) |
| 27:08 | Queue | Villager (Male) |
| 27:08 | Queue | Villager (Male) |
| 27:21 | Build | Town Center |
| 28:01 | Queue | Villager (Male) |
| 28:01 | Queue | Villager (Male) |
| 28:02 | Queue | Villager (Male) |
| 28:02 | Queue | Villager (Male) |
| 28:51 | Queue | Villager (Male) |
| 28:52 | Queue | Villager (Male) |
| 28:55 | Build | Mining Camp |
| 29:03 | Queue | Villager (Male) |
| 29:04 | Queue | Villager (Male) |
| 29:04 | Queue | Villager (Male) |
| 29:08 | Build | Farm |
| 29:08 | Build | Farm |
| 29:08 | Build | Farm |
| 29:09 | Build | Farm |
| 29:09 | Build | Farm |
| 29:09 | Build | Farm |
| 29:09 | Build | Farm |
| 29:10 | Build | Farm |
| 29:10 | Build | Farm |
| 29:12 | Build | Farm |
| 29:12 | Build | Farm |
| 29:12 | Build | Farm |
| 29:33 | Queue | War Wagon |
| 29:34 | Queue | War Wagon |
| 29:34 | Queue | War Wagon |
| 29:34 | Queue | War Wagon |
| 30:10 | Build | Mill |
| 30:42 | Queue | War Wagon |
| 30:42 | Queue | War Wagon |
| 31:02 | Queue | Villager (Male) |
| 31:03 | Queue | Villager (Male) |
| 31:03 | Queue | Villager (Male) |
| 31:03 | Queue | Villager (Male) |
| 31:04 | Queue | Villager (Male) |
| 31:04 | Queue | Villager (Male) |
| 32:10 | Build | Castle |
| 32:41 | Build | University |
| 33:34 | Queue | War Wagon ×5 |
| 33:40 | Queue | Villager (Male) |
| 33:40 | Queue | Villager (Male) |
| 33:41 | Queue | Villager (Male) |
| 33:41 | Queue | Villager (Male) |
| 33:43 | Queue | Villager (Male) |
| 33:44 | Queue | Villager (Male) |
| 33:44 | Queue | Villager (Male) |
| 33:45 | Queue | Villager (Male) |
| 33:45 | Queue | Villager (Male) |
Match timeline
| 3:30 | RiasSei · wall_segment Palisade Wall x1 |
| 3:36 | RiasSei · wall_segment Palisade Wall x1 |
| 6:21 | RiasSei · wall_segment Palisade Wall x1 |
| 8:23 | [ GG ] SHAKA · wall_segment Palisade Wall x1 |
| 8:46 | [ GG ] SHAKA · first_building Barracks |
| 9:12 | MATE · wall_segment Palisade Wall x1 |
| 9:16 | MATE · wall_segment Palisade Wall x1 |
| 9:21 | knight errant · wall_segment Palisade Wall x1 |
| 9:21 | knight errant · wall_segment Palisade Wall x1 |
| 9:24 | knight errant · wall_segment Palisade Wall x2 |
| 9:25 | knight errant · wall_segment Palisade Wall x1 |
| 9:28 | knight errant · wall_segment Palisade Wall x7 |
| 9:29 | knight errant · wall_segment Palisade Wall x1 |
| 10:00 | [ GG ] SHAKA · wall_segment Palisade Wall x1 |
| 10:15 | 歐吉桑 · first_building Dock |
| 10:32 | RiasSei · wall_segment Palisade Wall x9 |
| 10:58 | Ervid · wall_segment Palisade Wall x5 |
| 11:11 | Ervid · first_building Barracks |
| 11:12 | Ervid · wall_segment Palisade Wall x1 |
| 11:32 | Maxmax · first_building Barracks |
| 11:52 | Ervid · wall_segment Palisade Wall x6 |
| 11:57 | Ervid · wall_segment Palisade Wall x3 |
| 12:00 | MATE · wall_segment Palisade Wall x17 |
| 12:20 | RiasSei · age_up feudal |
| 12:20 | Ervid · wall_segment Palisade Wall x5 |
| 12:41 | knight errant · wall_segment Palisade Wall x1 |
| 12:45 | knight errant · wall_segment Palisade Wall x1 |
| 12:49 | knight errant · wall_segment Palisade Wall x1 |
| 12:54 | knight errant · wall_segment Palisade Wall x1 |
| 12:58 | Ervid · wall_segment Palisade Wall x9 |
| 12:59 | knight errant · wall_segment Palisade Wall x1 |
| 12:59 | MATE · wall_segment Palisade Wall x7 |
| 13:00 | knight errant · wall_segment Palisade Wall x1 |
| 13:13 | RiasSei · first_market_sell 100 stone |
| 13:16 | Maxmax · wall_segment Palisade Wall x3 |
| 13:24 | Maxmax · wall_segment Palisade Wall x5 |
| 13:31 | Maxmax · wall_segment Palisade Wall x4 |
| 13:50 | RiasSei · first_market_buy 100 food |
| 13:55 | MATE · age_up feudal |
| 13:55 | knight errant · age_up feudal |
| 14:06 | knight errant · wall_segment Palisade Wall x1 |
| 14:08 | knight errant · wall_segment Palisade Wall x1 |
| 14:15 | Maxmax · age_up feudal |
| 14:18 | knight errant · first_building Stable |
| 14:19 | Maxmax · first_building Archery Range |
| 14:23 | 歐吉桑 · wall_segment Palisade Wall x1 |
| 14:24 | 歐吉桑 · wall_segment Palisade Wall x1 |
| 14:24 | 歐吉桑 · wall_segment Palisade Wall x1 |
| 14:37 | 歐吉桑 · wall_segment Palisade Wall x1 |
| 14:40 | RiasSei · wall_segment Palisade Wall x1 |
| 14:45 | Exellence · age_up feudal |
| 14:48 | Exellence · first_building Stable |
| 15:02 | 歐吉桑 · age_up feudal |
| 15:03 | Ervid · age_up feudal |
| 15:34 | [ GG ] SHAKA · wall_segment Palisade Wall x4 |
| 15:35 | [ GG ] SHAKA · wall_segment Palisade Wall x4 |
| 15:41 | [ GG ] SHAKA · age_up feudal |
| 15:50 | Ervid · wall_segment Palisade Wall x1 |
| 16:25 | MATE · wall_segment Palisade Wall x2 |
| 16:28 | MATE · wall_segment Palisade Wall x2 |
| 16:42 | Ervid · first_building Stable |
| 16:42 | knight errant · age_up castle |
| 16:49 | RiasSei · age_up castle |
| 17:11 | Ervid · wall_segment Palisade Wall x7 |
| 17:38 | RiasSei · first_building Barracks |
| 17:44 | RiasSei · first_building Castle |
| 17:56 | Maxmax · age_up castle |
| 18:30 | 歐吉桑 · first_building Barracks |
| 18:40 | MATE · age_up castle |
| 18:43 | MATE · first_building Castle |
| 18:51 | [ GG ] SHAKA · wall_segment Palisade Wall x5 |
| 18:53 | [ GG ] SHAKA · wall_segment Palisade Wall x5 |
| 18:54 | [ GG ] SHAKA · wall_segment Palisade Wall x4 |
| 18:56 | [ GG ] SHAKA · wall_segment Palisade Wall x6 |
| 18:57 | [ GG ] SHAKA · wall_segment Palisade Wall x1 |
| 19:03 | 歐吉桑 · age_up castle |
| 20:21 | 歐吉桑 · wall_segment Palisade Wall x1 |
| 20:23 | Ervid · age_up castle |
| 20:30 | Ervid · first_building Castle |
| 21:37 | knight errant · first_market_buy 100 food |
| 21:51 | Ervid · first_building Siege Workshop |
| 22:24 | [ GG ] SHAKA · wall_segment Stone Wall x10 |
| 22:45 | 歐吉桑 · first_building Castle |
| 23:17 | Exellence · age_up castle |
| 23:25 | knight errant · wall_segment Stone Wall x1 |
| 23:27 | 歐吉桑 · first_building Archery Range |
| 23:35 | knight errant · wall_segment Stone Wall x1 |
| 23:42 | [ GG ] SHAKA · first_building Archery Range |
| 23:54 | Ervid · first_market_sell 100 stone |
| 25:02 | knight errant · first_building Siege Workshop |
| 26:03 | knight errant · first_building Monastery |
| 26:04 | 歐吉桑 · first_building Siege Workshop |
| 27:01 | knight errant · wall_segment Stone Wall x1 |
| 27:15 | MATE · first_market_buy 100 stone |
| 27:39 | [ GG ] SHAKA · wall_segment Palisade Wall x1 |
| 28:05 | knight errant · wall_segment Stone Wall x4 |
| 28:24 | knight errant · wall_segment Stone Wall x1 |
| 28:25 | knight errant · wall_segment Stone Wall x1 |
| 28:26 | knight errant · wall_segment Stone Wall x1 |
| 28:39 | [ GG ] SHAKA · first_market_sell 500 wood |
| 28:40 | [ GG ] SHAKA · first_market_buy 100 food |
| 28:41 | knight errant · first_building Castle |
| 28:50 | 歐吉桑 · first_market_buy 100 food |
| 29:08 | knight errant · wall_segment Stone Wall x1 |
| 29:09 | knight errant · wall_segment Stone Wall x1 |
| 29:28 | knight errant · wall_segment Stone Wall x1 |
| 29:42 | knight errant · wall_segment Stone Wall x1 |
| 30:21 | Maxmax · first_building Stable |
| 31:01 | knight errant · wall_segment Stone Wall x1 |
| 31:51 | [ GG ] SHAKA · age_up castle |
| 31:52 | RiasSei · wall_segment Stone Wall x2 |
| 31:54 | knight errant · wall_segment Stone Wall x2 |
| 31:55 | RiasSei · wall_segment Stone Wall x3 |
| 31:59 | Exellence · first_building Castle |
| 32:26 | RiasSei · wall_segment Stone Wall x7 |
| 32:28 | RiasSei · wall_segment Stone Wall x8 |
| 32:33 | RiasSei · wall_segment Stone Wall x1 |
| 32:37 | Exellence · first_building Siege Workshop |
| 33:03 | RiasSei · wall_segment Stone Wall x19 |
| 33:09 | 歐吉桑 · first_market_sell 100 food |
| 33:38 | RiasSei · wall_segment Stone Wall x17 |
| 33:55 | Ervid · wall_segment Stone Wall x8 |
| 34:04 | RiasSei · wall_segment Stone Wall x16 |
| 34:09 | RiasSei · wall_segment Stone Wall x15 |
| 34:22 | RiasSei · first_building Stable |
| 35:16 | [ GG ] SHAKA · first_building Siege Workshop |
| 35:38 | Exellence · age_up imperial |
| 35:50 | [ GG ] SHAKA · first_building Castle |
| 35:54 | RiasSei · wall_segment Stone Wall x6 |
| 35:56 | Ervid · wall_segment Palisade Wall x1 |
| 36:26 | knight errant · age_up imperial |
| 36:51 | 歐吉桑 · first_building Stable |
| 36:51 | RiasSei · wall_segment Stone Wall x16 |
| 37:04 | 歐吉桑 · age_up imperial |
| 37:51 | RiasSei · age_up imperial |
| 39:31 | RiasSei · wall_segment Stone Wall x1 |
| 40:05 | MATE · first_building Monastery |
| 40:10 | knight errant · first_market_sell 100 food |
| 40:51 | Ervid · age_up imperial |
| 41:01 | Ervid · first_market_buy 100 stone |
| 41:49 | [ GG ] SHAKA · first_building Monastery |
| 41:54 | [ GG ] SHAKA · wall_segment Stone Wall x1 |
| 41:59 | RiasSei · wall_segment Stone Wall x10 |
| 42:24 | knight errant · tribute_sent a jugador 1 |
| 42:24 | knight errant · tribute_sent a jugador 2 |
| 42:24 | knight errant · tribute_sent a jugador 3 |
| 42:24 | knight errant · tribute_sent a jugador 5 |
| 42:25 | knight errant · tribute_sent a jugador 6 |
| 42:25 | knight errant · tribute_sent a jugador 7 |
| 42:25 | knight errant · tribute_sent a jugador 8 |
| 42:56 | RiasSei · wall_segment Stone Wall x6 |
| 43:03 | RiasSei · wall_segment Stone Wall x1 |
| 43:10 | RiasSei · wall_segment Stone Wall x5 |
| 43:20 | RiasSei · wall_segment Stone Wall x9 |
| 43:23 | RiasSei · wall_segment Stone Wall x5 |
| 43:27 | RiasSei · wall_segment Stone Wall x10 |
| 43:30 | RiasSei · wall_segment Stone Wall x9 |
| 43:34 | RiasSei · wall_segment Stone Wall x9 |
| 43:43 | [ GG ] SHAKA · wall_segment Stone Wall x16 |
| 44:00 | MATE · age_up imperial |
| 44:06 | Maxmax · first_building Monastery |
| 44:14 | MATE · first_market_sell 500 food |
| 45:08 | knight errant · tribute_sent a jugador 1 |
| 45:08 | knight errant · tribute_sent a jugador 2 |
| 45:08 | knight errant · tribute_sent a jugador 3 |
| 45:08 | knight errant · tribute_sent a jugador 5 |
| 45:08 | knight errant · tribute_sent a jugador 6 |
| 45:08 | knight errant · tribute_sent a jugador 7 |
| 45:08 | knight errant · tribute_sent a jugador 8 |
| 45:27 | Exellence · tribute_sent a jugador 1 |
| 45:27 | Exellence · tribute_sent a jugador 2 |
| 45:27 | Exellence · tribute_sent a jugador 3 |
| 45:27 | Exellence · tribute_sent a jugador 4 |
| 45:27 | Exellence · tribute_sent a jugador 5 |
| 45:27 | Exellence · tribute_sent a jugador 6 |
| 45:27 | Exellence · tribute_sent a jugador 8 |
| 45:41 | [ GG ] SHAKA · age_up imperial |
| 47:53 | knight errant · tribute_sent a jugador 1 |
| 47:53 | knight errant · tribute_sent a jugador 2 |
| 47:53 | knight errant · tribute_sent a jugador 3 |
| 47:53 | knight errant · tribute_sent a jugador 5 |
| 47:53 | knight errant · tribute_sent a jugador 6 |
| 47:53 | knight errant · tribute_sent a jugador 7 |
| 47:53 | knight errant · tribute_sent a jugador 8 |
| 48:03 | Maxmax · age_up imperial |
| 48:36 | 歐吉桑 · tribute_sent a jugador 1 |
| 48:36 | 歐吉桑 · tribute_sent a jugador 2 |
| 48:36 | 歐吉桑 · tribute_sent a jugador 3 |
| 48:36 | 歐吉桑 · tribute_sent a jugador 4 |
| 48:36 | 歐吉桑 · tribute_sent a jugador 5 |
| 48:36 | 歐吉桑 · tribute_sent a jugador 7 |
| 48:36 | 歐吉桑 · tribute_sent a jugador 8 |
| 49:04 | knight errant · wall_segment Stone Wall x1 |
| 49:05 | knight errant · wall_segment Stone Wall x2 |
| 49:08 | knight errant · wall_segment Stone Wall x2 |
| 49:13 | knight errant · wall_segment Stone Wall x1 |
| 49:15 | knight errant · wall_segment Stone Wall x1 |
| 49:43 | knight errant · wall_segment Stone Wall x4 |
| 49:53 | Maxmax · first_market_sell 100 stone |
| 50:08 | RiasSei · resign |
[ AI ANALYSIS · 1 CREDIT ]
What really happened in this match?
Wolo.gg analyzes every decision: build order, eco, micro, common mistakes by bracket. Personalized analysis on WhatsApp or Discord in 30 seconds.
Civ guide
Dravidians
Perfil
Jugador #21419022